 Dungeon Crawl Stone Soup version 0.29-a0-923-g6e406bff71 (webtiles) character file.

Game seed: 1137700669395510090

5 mathmaestro the Grave Robber (level 1, -2/13 HPs)
             Began as a Demonspawn Necromancer on July 27, 2022.
             Slain by a jackal (3 damage)
             ... on level 1 of the Dungeon.
             The game lasted 00:00:42 (268 turns).

mathmaestro the Grave Robber (DsNe)                  Turns: 268, Time: 00:00:42

Health: -2/13      AC:  2    Str:  8    XL:     1   Next: 66%
Magic:  0/3        EV: 12    Int: 16    God:
Gold:   36         SH:  0    Dex: 13    Spells: 3/4 levels left

rFire   . . .      SeeInvis .   f - +0 dagger
rCold   . . .      Faith    .   (no shield)
rNeg    . . .      Spirit   .   a - +0 robe
rPois   .          Reflect  .   (no helmet)
rElec   .          Harm     .   (no cloak)
rCorr   .          Rampage  .   (no gloves)
Will    .....                   (no boots)
Stlth   ++........              (no amulet)
HPRegen 0.04/turn               (no ring)
MPRegen 0.08/turn               (no ring)

@: no status effects
A: no striking features
a: no special abilities


You were on level 1 of the Dungeon.
You visited 1 branch of the dungeon, and saw 1 of its levels.

You collected 36 gold pieces.

Inventory:

Hand Weapons
 f - a +0 dagger (weapon)
Armour
 a - a +0 robe (worn)
Scrolls
 d - a scroll of vulnerability {unknown}
 g - a scroll of immolation {unknown}
Potions
 b - a potion of magic
 c - a potion of lignification {unknown}
 e - a potion of curing {unknown}


   Skills:
 + Level 0.3 Fighting
 + Level 1.9 Dodging
 + Level 1.9 Stealth
 + Level 2.0 Spellcasting
 + Level 4.4 Necromancy


You had 3 spell levels left.
You knew the following spells:

 Your Spells              Type           Power      Damage    Failure   Level
a - Necrotise             Necr           60%        1d7       3%          1

Your spell library contained the following spells:

 Spells                   Type           Power      Damage    Failure   Level
 Vampiric Draining        Necr           15%        2d7       10%         3
 Animate Dead             Necr           15%        N/A       32%         4
 Agony                    Necr           15%        N/A       67%         5


Dungeon Overview and Level Annotations

Branches:
Dungeon (1/15)

Altars:


Message History

Something bites your jackal skeleton.
Your jackal skeleton closely misses the jackal.
The jackal misses you. Something bites your jackal skeleton.
You barely miss the jackal.
The jackal is heavily wounded.
Your jackal skeleton bites the jackal.
Something bites your jackal skeleton. The jackal barely misses you.
The jackal bites you. x3
You hit the jackal but do no damage.
The jackal is severely wounded.
Your jackal skeleton closely misses the jackal.
The jackal barely misses you. The jackal closely misses you.
Your jackal skeleton barely misses the jackal.
You hit the jackal but do no damage.
The jackal is severely wounded.
The jackal closely misses you. The jackal bites you.
Your jackal skeleton barely misses the jackal.
You closely miss the jackal.
The jackal is severely wounded.
The jackal completely misses you. The jackal bites you.
* * * LOW HITPOINT WARNING * * *
Your jackal skeleton closely misses the jackal.
The jackal closely misses you. x2
Casting: Necrotise (safe; 3% risk of failure)
Confirm with . or Enter, or press ? or * to list all spells.
Aiming: Necrotise (safe; 3% risk of failure)
Press: ? - help, Shift-Dir - straight line, f/p - jackal
Aim: a jackal (almost dead, chance to affect: 85%)
The jackal writhes in agony.
You kill the jackal!
The dead are walking!
Your jackal skeleton barely misses the jackal.
The jackal completely misses you.
Your jackal skeleton misses the jackal.
The jackal bites you.
* * * LOW HITPOINT WARNING * * *
Found 3 scrolls labelled PEGUIN KO GIED.
Your jackal skeleton closely misses the jackal. x2
You hit the jackal but do no damage.
The jackal is severely wounded.
The jackal bites you.
You die...

.. ... ......### ###
########.##.... ..#
.........##...####..# .#
...####..##...##....##.#
...##.#...#.............
......#.#.#.............
..)..................#.#
........###....#@.......
......#).......Zh..###.#
...........>##.#.Z.....#
..#.#.#..............###
..#.#.########.#.###.#
..#.#.# ...#.# ?#
..#.#.# .....#.# # .
..... #(.....#..
+......###


You could see a jackal (ally target) and 2 friendly jackal skeletons.

Vanquished Creatures
  2 jackals (D:1)
  2 ball pythons (D:1)
  2 kobolds (D:1)
6 creatures vanquished.

Notes
Turn   | Place    | Note
-------+----------+-------------------------------------------
     0 | D:1      | mathmaestro the Demonspawn Necromancer began the quest for
                  | the Orb.
     0 | D:1      | Reached XP level 1. HP: 13/13 MP: 3/3
   268 | D:1      | Slain by a jackal

Illustrated notes

Levels and vault maps discovered:
D:1:      dpeg_arrival_solitude, layout_basic

Action                   || total
-------------------------++-------
Melee: Dagger            ||     7
 Cast: Necrotise         ||     7
Armor: Robe              ||     1
Dodge: Dodged            ||    10

Table legend: (Time is in decaauts)
 A = Elapsed time spent in this place.
 B = Non-inter-level travel time spent in this place.
 C = Inter-level travel time spent in this place.
 D = Time resting spent in this place.
 E = Time spent auto-exploring this place.
 F = Levels seen in this place.
 G = Mean time per level.
                   A        B        C        D        E       F      G
               +--------+--------+--------+--------+--------+-----+--------+
         Total |    267 |    267 |      0 |     22 |    185 |   1 |  267.0 |
       Dungeon |    267 |    267 |      0 |     22 |    185 |   1 |  267.0 |
               +--------+--------+--------+--------+--------+-----+--------+

Top non-repeatable levels by time:
     D:1: 267 daAuts
